 Dungeon Crawl Stone Soup version 0.23.0-3-gf3c87f2 (webtiles) character file.

Game seed: 8686587394489963473

1425 Weed the Stinger (level 8, -5/45 HPs)
             Began as an Octopode Venom Mage on Feb 23, 2019.
             Was a Follower of Hepliaklqana.
             Slain by a hippogriff (6 damage)
             ... on level 8 of the Dungeon.
             The game lasted 00:24:03 (7687 turns).

Weed the Stinger (Octopode Venom Mage)              Turns: 7687, Time: 00:24:04

Health: -5/45      AC:  3    Str: 15    XL:     8   Next: 72%
Magic:  19/25      EV: 15    Int: 19    God:    Hepliaklqana [*.....]
Gold:   365        SH:  0    Dex: 22    Spells: 2/17 levels left

rFire    . . .     SeeInvis .   w - +2 quarterstaff (protect)
rCold    . . .     Gourm    .   (shield currently unavailable)
rNeg     . . .     Faith    .   B - +2 hat
rPois    .         Spirit   .   d - amulet of magic regeneration
rElec    .         Reflect  .   o - ring of magical power
rCorr    .         Harm     .   v - +3 ring of dexterity
MR       .....                  y - ring of flight
Stlth    ++++......             D - ring of Nentoh {Str+5 Int+2 Dex+4}
HPRegen  0.15/turn              J - +3 ring of strength
MPRegen  0.44/turn              (no ring)
                                (no ring)
                                (no ring)

@: no status effects
A: almost no armour, stealthy swim, amphibious, 8 rings, constrict 8, reduced
essence, camouflage 1, gelatinous body 1
a: Recall Ancestor, Ancestor Identity, Renounce Religion, Evoke Flight


You were on level 8 of the Dungeon.
You worshipped Hepliaklqana.
Hepliaklqana was aware of your devotion.
You were not hungry.

You visited 1 branch of the dungeon, and saw 8 of its levels.

You collected 365 gold pieces.

Inventory:

Hand Weapons
 e - a +0 dagger
 m - a +2 dagger of speed
 s - a +0 spear
 w - a +2 quarterstaff of protection (weapon)
Missiles
 g - 6 tomahawks (quivered)
 p - 2 throwing nets
 x - 7 needles of paralysis
Armour
 B - a +2 hat (worn)
Magical Staves
 F - an uncursed staff of earth
Jewellery
 d - an amulet of magic regeneration (around mantle)
 o - a ring of magical power (left tentacle)
 v - a +3 ring of dexterity (right tentacle)
 y - a ring of flight (on tentacle)
 D - the ring of Nentoh (on tentacle) {Str+5 Int+2 Dex+4}
   (You found it on level 5 of the Dungeon)

   [ring of intelligence]

   It affects your strength (+5).
   It affects your intelligence (+2).
   It affects your dexterity (+4).
 J - a +3 ring of strength (on tentacle)
Wands
 q - a wand of flame (7)
 A - a wand of iceblast (4)
 C - a wand of acid (9)
 E - a wand of paralysis (9)
Scrolls
 a - 5 scrolls of remove curse
 c - 4 scrolls of teleportation
 f - 2 scrolls of enchant weapon
 l - 4 scrolls of fog
 n - 3 scrolls of fear
 r - 3 scrolls of identify
 u - a scroll of immolation {unknown}
 H - a scroll of noise {unknown}
 I - a scroll of enchant armour {unknown}
Potions
 h - a potion of berserk rage {unknown}
 i - a potion of agility {unknown}
 j - 4 potions of curing
 k - 3 potions of ambrosia
 t - 2 potions of brilliance {unknown}
 z - a potion of magic {unknown}
Comestibles
 b - 11 rations


   Skills:
 + Level 1.8 Fighting
 + Level 1.4 Short Blades
 - Level 0.1 Staves
 + Level 2.8 Dodging
 - Level 2.6 Stealth
 + Level 5.3 Spellcasting
 * Level 4.2 Conjurations
 - Level 5.0 Air Magic
 + Level 6.5 Poison Magic


You had 2 spell levels left.
You knew the following spells:

 Your Spells              Type           Power        Failure   Level  Hunger
a - Sting                 Conj/Pois      ####         1%          1    None
b - Poisonous Vapours     Pois/Air       ####..       1%          2    None
c - Mephitic Cloud        Conj/Pois/Air  ####....     4%          3    ##.....
d - Olgreb's Toxic Radia  Pois           ####....     9%          4    ####...
e - Venom Bolt            Conj/Pois      ####......   36%         5    #####..

Your spell library contained the following spells:

 Spells                   Type           Power        Failure   Level  Hunger


Dungeon Overview and Level Annotations

Branches:
Dungeon (8/15)             Temple (0/1) D:7
   Lair: D:8-11

Altars:
Cheibriados
Fedhas
Hepliaklqana
Nemelex Xobeh
Wu Jian
Yredelemnul

Shops:
D:8 =

Annotations:
D:3 3 runed translucent doors, lextramoth's ghost, amateur DsFi
D:4 1 runed translucent door, kalagan's ghost, amateur DEEE
D:5 exclusion: ice beast


Innate Abilities, Weirdness & Mutations

You cannot wear most types of armour.
You are very stealthy in the water. (Stealth+)
You are amphibious.
You can wear up to eight rings at the same time.
You can use your tentacles to constrict eight enemies at once.
Your skin changes colour to match your surroundings (Stealth+).
Your rubbery body absorbs attacks. (AC +1, EV +1)
Your life essence is reduced to manifest your ancestor. (-10% HP)


Message History

The hippogriff is engulfed in poison gas.
The hippogriff looks as sick as possible!
The hippogriff bites you. The hippogriff closely misses you.
The hippogriff claws you.
You closely miss the hippogriff.
The hippogriff is moderately wounded.
The killer bee zombie closely misses you.
Dube hits the hippogriff.
The killer bee zombie hits you! The hippogriff bites you!
* * * LOW HITPOINT WARNING * * *
The hippogriff pecks you.
* * * LOW HITPOINT WARNING * * *
The hippogriff claws you!
* * * LOW HITPOINT WARNING * * *
You feel better. The killer bee zombie hits you.
* * * LOW HITPOINT WARNING * * *
Dube hits the hippogriff!
The killer bee zombie hits you.
* * * LOW HITPOINT WARNING * * *
The hippogriff bites you.
You die...

.........
........#
........#
........#
......∩.#
........#
......Z.#
......R@#
.###+##H#
#.# #.#
#.# #.#
#.# #.#


You could see the friendly Dube the ancestor, a hippogriff and a killer bee
zombie.

Vanquished Creatures
  Sigmund (D:4)
  An orc warrior (D:6)
  A black bear (D:6)
  An ogre (D:5)
  A centaur (D:6)
  2 bullfrogs
  4 howler monkeys
  A bullfrog zombie (D:6)
  4 hounds
  A quasit (D:2)
  A bullfrog skeleton (D:5)
  2 centaur skeletons (D:4)
  3 orc wizards
  2 worker ants
  3 gnolls (D:4)
  7 adders
  5 oozes
  2 adder skeletons
  An adder zombie (D:5)
  6 worms
  A dart slug (D:1)
  5 leopard geckos
  16 orcs
  A ball python (D:3)
  4 giant cockroaches
  4 goblins
  7 hobgoblins
  6 jackals
  9 kobolds
  A quokka (D:4)
  9 bats
  7 frilled lizards
  5 rats
124 creatures vanquished.

Notes
Turn   | Place    | Note
-------+----------+-------------------------------------------
     0 | D:1      | Weed the Octopode Venom Mage began the quest for the Orb.
     0 | D:1      | Reached XP level 1. HP: 11/11 MP: 3/3
   115 | D:1      | Reached skill level 4 in Poison Magic
   115 | D:1      | Reached XP level 2. HP: 6/17 MP: 5/5
   321 | D:1      | Learned a level 2 spell: Poisonous Vapours
   852 | D:1      | Reached XP level 3. HP: 21/21 MP: 6/6
  1118 | D:2      | Reached skill level 1 in Air Magic
  1260 | D:2      | Learned a level 3 spell: Mephitic Cloud
  1541 | D:2      | Reached XP level 4. HP: 20/27 MP: 2/7
  1790 | D:2      | Reached XP level 5. HP: 22/32 MP: 0/9
  2755 | D:3      | Found a runed translucent gate.
  2755 | D:3      | Found a runed translucent gate.
  2761 | D:3      | Found a runed translucent gate.
  2767 | D:3      | Noticed lextramoth's ghost (amateur DsFi)
  2913 | D:3      | Reached skill level 1 in Fighting
  3036 | D:3      | Reached skill level 1 in Short Blades
  3146 | D:3      | Reached XP level 6. HP: 26/38 MP: 10/10
  3577 | D:3      | Learned a level 4 spell: Olgreb's Toxic Radiance
  4034 | D:4      | Noticed kalagan's ghost (amateur DEEE)
  4038 | D:4      | Reached skill level 5 in Poison Magic
  4160 | D:4      | Found a runed translucent door.
  4387 | D:4      | Noticed Sigmund
  4394 | D:4      | Killed Sigmund
  4394 | D:4      | Reached XP level 7. HP: 28/43 MP: 7/12
  5089 | D:4      | Found a snail-covered altar of Cheibriados.
  5139 | D:5      | Entered Level 5 of the Dungeon
  5176 | D:5      | Reached XP level 8. HP: 48/48 MP: 14/14
  5194 | D:5      | Learned a level 5 spell: Venom Bolt
  5240 | D:5      | Found a hazy altar of Hepliaklqana.
  5242 | D:5      | Found a sparkling altar of Nemelex Xobeh.
  5553 | D:5      | Got a wavering silver ring
  5554 | D:5      | Identified the ring of Nentoh {Str+5 Int+2 Dex+4} (You
                  | found it on level 5 of the Dungeon)
  5981 | D:6      | Reached skill level 5 in Air Magic
  6070 | D:6      | Reached skill level 6 in Poison Magic
  6296 | D:6      | Reached skill level 5 in Spellcasting
  6863 | D:5      | Became a worshipper of Hepliaklqana the Forgotten
  7250 | D:7      | Found a blossoming altar of Fedhas.
  7260 | D:7      | Found an ornate altar of the Wu Jian Council.
  7264 | D:7      | Found a basalt altar of Yredelemnul.
  7480 | D:7      | Found a staircase to the Ecumenical Temple.
  7596 | D:7      | Reached * piety under Hepliaklqana
  7681 | D:8      | Found Zaonigg's Jewellery Shop.
  7681 | D:8      | Noticed a hippogriff
  7686 | D:8      | HP: 2/45 [hippogriff (8)]
  7687 | D:8      | Slain by a hippogriff

Skill      XL: |  1  2  3  4  5  6  7  8 |
---------------+-------------------------+-----
Poison Magic   | 4 5 6 |  6.5
Air Magic      | 1 3 4 5 |  5.0
Fighting       | 1 |  1.8
Short Blades   | 1 |  1.4
Spellcasting   | 3 4 5 |  5.3
Conjurations   | 2 3 4 |  4.2
Staves         | |  0.1
Dodging        | |  2.8
Stealth        | |  2.6

Action                   |  1- 3 |  4- 6 |  7- 9 || total
-------------------------+-------+-------+-------++-------
Melee: Unarmed           |    14 |       |       ||    14
       Tentacles         |     4 |    10 |    13 ||    27
       Dagger            |    43 |    99 |       ||   142
       Constrict         |    13 |    19 |    12 ||    44
       Quarterstaff      |       |     6 |    53 ||    59
Throw: Tomahawk          |       |       |     4 ||     4
 Cast: Sting             |     2 |     1 |       ||     3
       Poisonous Vapours |    12 |    56 |    67 ||   135
       Olgreb's Toxic Ra |       |       |     2 ||     2
Invok: Recall Ancestor   |       |       |     2 ||     2
  Use: Scroll            |       |     4 |     5 ||     9
       Potion            |       |     1 |     1 ||     2
 Stab: Sleeping          |     7 |     4 |     4 ||    15
       Distracted        |     1 |       |       ||     1
  Eat: Chunk             |     3 |    11 |     9 ||    23
       Ration            |       |       |     1 ||     1
Armor: Skin              |       |    16 |    16 ||    32
Dodge: Dodged            |    22 |    95 |    48 ||   165
